 Dungeon Crawl Stone Soup version 0.31-a0-175-g9f7f995f2b (webtiles) character file.

Game seed: 16535363767153306403

1523 qw the Shield-Bearer (level 8, -3/49 HPs)
             Began as a Gargoyle Fighter on June 17, 2023.
             Was an Initiate of Okawaru.
             Engulfed by a steam dragon's steam (5 damage)
             ... on level 6 of the Dungeon.
             The game lasted 00:02:36 (4932 turns).

qw the Shield-Bearer (Gargoyle Fighter)             Turns: 4932, Time: 00:02:36

Health: -3/49      AC: 17    Str: 22    XL:     8   Next: 84%
Magic:  8/8        EV:  5    Int:  9    God:    Okawaru [......]
Gold:   299        SH:  9    Dex:  9    Spells: 7/7 levels left

rFire   . . .        Y - +0 war axe
rCold   . . .        q - +0 kite shield
rNeg    + + .        r - +0 plate armour
rPois   inf          (no helmet)
rElec   +            (no cloak)
rCorr   .            (no gloves)
SInv    +            (no boots)
Will    .....        (no amulet) Stlth
                     k - ring of see invisible
HPRegen 0.28/turn    o - ring of positive energy
MPRegen 0.11/turn

%: no passive effects
@: about to teleport
A: sickness immunity, AC +5, negative energy resistance 1, electricity
resistance, torment resistance 1, petrification resistance
a: Renounce Religion


You were on level 6 of the Dungeon.
You worshipped Okawaru.
Okawaru was noncommittal.
You visited 2 branches of the dungeon, and saw 7 of its levels.

You collected 299 gold pieces.


Innate Abilities, Weirdness & Mutations

You are immune to sickness and miasma.
Your stone body is resilient. (AC +5)
You are immune to poison.
You resist negative energy. (rN+)
You are resistant to electric shocks. (rElec)
You are resistant to unholy torment.
You are immune to petrification.


   Skills:
 - Level 5.3 Fighting
 + Level 7.0 Axes
 - Level 1.0 Throwing
 - Level 4.3 Armour
 - Level 1.1 Dodging
 - Level 7.1 Shields


You had 7 spell levels left.
You didn't know any spells.
Your spell library was empty.

Inventory:

Hand Weapons
 c - a +3 flail
 Y - a +0 war axe (weapon)
Missiles
 i - 9 boomerangs (quivered)
Armour
 f - a +1 pair of boots
 q - a +0 kite shield (worn)
 r - a +0 plate armour (worn)
Jewellery
 k - a ring of see invisible (left hand)
 o - a ring of positive energy (right hand)
Scrolls
 a - 4 scrolls of teleportation
 l - 2 scrolls of identify
Potions
 b - a potion of haste
 d - 3 potions of might
 e - a potion of brilliance {unknown}
 j - 3 potions of curing
 m - a potion of attraction

Dungeon Overview and Level Annotations

Branches:
Dungeon (6/15)             Temple (1/1) D:6

Altars:
Ashenzari
Cheibriados
Dithmenos
Elyvilon
Gozag
Kikubaaqudgha
Makhleb
Nemelex Xobeh
Okawaru
Qazlal
Ru
Sif Muna
Trog
Uskayaw
Vehumet
Wu Jian
Xom
Yredelemnul
Zin

Annotations:
D:3 1 runed translucent door, Crazy Yiuf


Message History

The steam dragon bites you but does no damage.
The steam dragon claws you but does no damage.
You closely miss the steam dragon.
The steam dragon is heavily wounded.
You are engulfed in a cloud of scalding steam.
You block the steam dragon's attack. The steam dragon barely misses you.
You hit the steam dragon but do no damage.
The steam dragon is heavily wounded.
You are engulfed in a cloud of scalding steam.
The steam dragon bites you but does no damage.
You block the steam dragon's attack.
You closely miss the steam dragon.
The steam dragon is heavily wounded.
You are engulfed in a cloud of scalding steam.
The steam dragon bites you but does no damage.
You block the steam dragon's attack.
You hit the steam dragon.
The steam dragon is severely wounded.
The steam dragon bites you but does no damage.
The steam dragon claws you. The steam dragon breathes steam at you.
The ball of steam hits you.
You completely miss the steam dragon.
The steam dragon is severely wounded.
You are engulfed in a cloud of scalding steam.
The steam dragon bites you. The steam dragon barely misses you.
4930 ||| READING 5 scrolls of teleportation.
As you read the scroll of teleportation, it crumbles to dust.
You feel strangely unstable.
You are engulfed in a cloud of scalding steam.
The steam dragon bites you but does no damage.
The steam dragon claws you.
You hit the steam dragon.
The steam dragon is severely wounded.
You block the steam dragon's attack.
The steam dragon claws you but does no damage.
You closely miss the steam dragon.
The steam dragon is severely wounded.
You are engulfed in a cloud of scalding steam.
You die...

##.####.......#####.#..#
.......>.#.#...........#
.............>.........#
##..#####.#.##...##..>.#
##..# #...##...##....#
....# #...#.....#....#
....# #...#....##..###
....# #.<.#.¤.¤##..#
....+ #(..#.¤¤@#...#
##.## #######¤D##..+
##.### ###..###..##..#
...... #.........##..##
## ......
#..............# ..#
......
#..............#...#
######
########..##..##!..# ##
####..# #####..##...# .#
#.....# #.......#


You could see a steam dragon.

Vanquished Creatures
  Sigmund (D:3)
  2 water moccasins (D:6)
  An ogre (D:6)
  A centaur (D:6)
  A phantom (D:6)
  A kobold brigand (D:6)
  2 bullfrogs (D:6)
  A scorpion (D:4)
  A wight (D:6)
  2 orc priests
  4 hounds
  A gnoll bouda (D:6)
  2 jellies (D:6)
  3 iguanas
  Natasha (thrice) (D:3)
  An orc wizard (D:5)
  6 adders
  A white imp (D:5)
  3 ufetubi
  A worm (D:2)
  5 dart slugs
  18 orcs
  7 endoplasms
  5 hobgoblins
  2 jackals (D:2)
  12 kobolds
  3 quokkas
  6 ball pythons
  4 bats
  2 frilled lizards
  10 goblins
  4 rats
116 creatures vanquished.

Notes
Turn   | Place    | Note
-------+----------+-------------------------------------------
     0 | D:1      | qw the Gargoyle Fighter began the quest for the Orb.
     0 | D:1      | Reached XP level 1. HP: 14/14 MP: 1/1
     0 | D:1      | 0 ||| qw: Version: 0.3-a-2-g5ab2908
     0 | D:1      | 0 ||| qw: Game counter: 127
     0 | D:1      | 0 ||| qw: Always use a shield: true
     0 | D:1      | 0 ||| qw: God list: Okawaru
     0 | D:1      | 0 ||| qw: Allow faded altars: false
     0 | D:1      | 0 ||| qw: Do Orc after D:15 true
     0 | D:1      | 0 ||| qw: Do second Lair branch before Depths: true
     0 | D:1      | 0 ||| qw: Lair rune preference: random
     0 | D:1      | 0 ||| qw: Plans: Normal, Zot:1-4, Slime:5, God:TSO, Crypt,
                  | Tomb, Abyss, Pan, Hells, Win
     0 | D:1      | 0 ||| PLANNING D:1-11
   118 | D:1      | Reached XP level 2. HP: 19/19 MP: 2/2
   280 | D:1      | Found a faded altar of an unknown god.
   282 | D:1      | 282 ||| DROPPING +0 club.
   315 | D:1      | Reached skill level 3 in Axes
   402 | D:1      | Reached XP level 3. HP: 23/23 MP: 3/3
   757 | D:1      | 757 ||| UPGRADING to +0 chain mail.
   767 | D:1      | 767 ||| DROPPING +0 scale mail.
   768 | D:1      | 768 ||| READING scroll labelled SARIPTO TYINK.
   773 | D:1      | 773 ||| READING scroll labelled XORRONO DOOMIN.
   774 | D:1      | 774 ||| READING scroll labelled ITSORU DYAKLUI.
   855 | D:2      | 855 ||| FLEEEEING.
   856 | D:2      | 856 ||| FLEEEEING.
   860 | D:2      | 860 ||| FLEEEEING.
   861 | D:2      | 861 ||| FLEEEEING.
   862 | D:2      | 862 ||| FLEEEEING.
   863 | D:2      | 863 ||| FLEEEEING.
   864 | D:2      | 864 ||| FLEEEEING.
   865 | D:2      | 865 ||| FLEEEEING.
   866 | D:2      | 866 ||| FLEEEEING.
   867 | D:2      | 867 ||| FLEEEEING.
   868 | D:2      | 868 ||| STAIRDANCE
  1107 | D:2      | Reached XP level 4. HP: 28/28 MP: 4/4
  1416 | D:2      | 1416 ||| UPGRADING to ring of see invisible.
  1417 | D:2      | 1417 ||| READING scroll labelled ELUOJANKEC.
  1418 | D:2      | 1418 ||| READING scroll labelled YGUINAXKEE.
  1419 | D:2      | 1419 ||| READING scroll labelled VAHIRO QOEROTH.
  1541 | D:3      | 1541 ||| DROPPING +0 whip.
  1786 | D:3      | Reached XP level 5. HP: 32/32 MP: 5/5
  1815 | D:3      | Noticed Sigmund
  1816 | D:3      | 1816 ||| Stepping ~*~*~tactically~*~*~ (hiding).
  1818 | D:3      | 1818 ||| Stepping ~*~*~tactically~*~*~ (hiding).
  1836 | D:3      | Killed Sigmund
  1837 | D:3      | Reached XP level 6. HP: 12/37 MP: 6/6
  2024 | D:3      | Identified the +6 falchion "Furoshre" {freeze, rC++ Str-4}
  2043 | D:3      | Found a runed translucent door.
  2044 | D:3      | Noticed Crazy Yiuf
  2143 | D:3      | Noticed Natasha
  2150 | D:3      | Killed Natasha
  2151 | D:3      | Reached skill level 1 in Throwing
  2269 | D:3      | Noticed Natasha
  2285 | D:3      | Killed Natasha
  2346 | D:3      | Noticed Natasha
  2347 | D:3      | 2347 ||| FLEEEEING.
  2348 | D:3      | 2348 ||| FLEEEEING.
  2391 | D:3      | 2391 ||| Stepping ~*~*~tactically~*~*~ (hiding).
  2392 | D:3      | 2392 ||| Stepping ~*~*~tactically~*~*~ (hiding).
  2406 | D:3      | Killed Natasha
  2539 | D:3      | 2539 ||| DROPPING ring of wizardry.
  2540 | D:3      | 2540 ||| READING 2 scrolls labelled QIPEGED JINUDO.
  2541 | D:3      | 2541 ||| DROPPING scroll of blinking.
  2667 | D:4      | Reached skill level 6 in Axes
  2667 | D:4      | Reached XP level 7. HP: 43/43 MP: 7/7
  2802 | D:4      | 2802 ||| DROPPING +0 mace.
  2803 | D:4      | 2803 ||| DROPPING +0 heavy mace.
  2882 | D:4      | Reached skill level 1 in Dodging
  3076 | D:4      | 3076 ||| READING scroll labelled LECLOI KU VUGI.
  3077 | D:4      | 3077 ||| READING scroll labelled DESHRI EZUGOLU.
  3192 | D:5      | Entered Level 5 of the Dungeon
  3258 | D:5      | Identified the +0 ring mail "Eloifio" {-Tele rPois rN+
                  | MP+9}
  3266 | D:5      | 3266 ||| Stepping ~*~*~tactically~*~*~ (stealth).
  3268 | D:5      | 3268 ||| Stepping ~*~*~tactically~*~*~ (stealth).
  3747 | D:5      | 3747 ||| DROPPING +0 ring mail "Eloifio" {-Tele rPois rN+
                  | MP+9}.
  3748 | D:5      | 3748 ||| UPGRADING to +0 kite shield.
  3758 | D:5      | 3758 ||| DROPPING +0 buckler.
  3759 | D:5      | 3759 ||| UPGRADING to +0 plate armour.
  3769 | D:5      | 3769 ||| DROPPING +0 chain mail.
  3770 | D:5      | 3770 ||| UPGRADING to ring of positive energy.
  3771 | D:5      | 3771 ||| READING scroll labelled JOXKORPHEOTAENO.
  3772 | D:5      | 3772 ||| DRINKING 2 fizzy yellow potions.
  3876 | D:5      | 3876 ||| READING 5 scrolls of identify.
  3876 | D:5      | 3876 ||| IDENTIFYING lumpy inky potion
  3877 | D:5      | 3877 ||| READING 4 scrolls of identify.
  3877 | D:5      | 3877 ||| IDENTIFYING emerald potion
  3878 | D:5      | 3878 ||| READING 3 scrolls of identify.
  3878 | D:5      | 3878 ||| IDENTIFYING white potion
  3879 | D:5      | 3879 ||| READING 2 scrolls of identify.
  3879 | D:5      | 3879 ||| IDENTIFYING fizzy brown potion
  3880 | D:5      | 3880 ||| DROPPING potion of berserk rage.
  3881 | D:5      | 3881 ||| DROPPING potion of degeneration.
  3916 | D:6      | 3916 ||| DROPPING +0 flail.
  3964 | D:6      | Reached XP level 8. HP: 23/48 MP: 8/8
  4053 | D:6      | 4053 ||| Stepping ~*~*~tactically~*~*~ (stealth).
  4104 | D:6      | 4104 ||| Stepping ~*~*~tactically~*~*~ (stealth).
  4106 | D:6      | 4106 ||| Stepping ~*~*~tactically~*~*~ (hiding).
  4278 | D:6      | Reached skill level 6 in Shields
  4295 | D:6      | 4295 ||| Stepping ~*~*~tactically~*~*~ (hiding).
  4296 | D:6      | 4296 ||| Stepping ~*~*~tactically~*~*~ (hiding).
  4390 | D:6      | Found a staircase to the Ecumenical Temple.
  4391 | D:6      | 4391 ||| PLANNING TEMPLE
  4399 | Temple   | Entered the Ecumenical Temple
  4404 | Temple   | 4404 ||| PLANNING OKAWARU WORSHIP
  4600 | Temple   | Became a worshipper of Warmaster Okawaru
  4601 | Temple   | 4601 ||| PLANNING D:1-11
  4659 | D:6      | 4659 ||| Stepping ~*~*~tactically~*~*~ (stealth).
  4741 | D:6      | HP: 9/49 [steam dragon/ball of steam (12)]
  4742 | D:6      | 4742 ||| READING 6 scrolls of teleportation.
  4743 | D:6      | 4743 ||| DRINKING potion of heal wounds.
  4745 | D:6      | HP: 4/49 [steam dragon/ball of steam (15)]
  4929 | D:6      | HP: 10/49 [steam dragon] (14)]
  4930 | D:6      | 4930 ||| READING 5 scrolls of teleportation.
  4930 | D:6      | HP: 4/49 [steam dragon] (3)]
  4930 | D:6      | HP: 1/49 [steam dragon (3)]
  4932 | D:6      | Engulfed by a steam dragon's steam

Levels and vault maps discovered:
D:1:      amcnicky_arrival_double_pillar, layout_basic,
          hellmonk_ecumenical_altar_prayer_group
D:2:      layout_basic
D:3:      layout_loops_cross, chequers_hall_statues_y, uniq_natasha,
          uniq_sigmund, uniq_crazy_yiuf_cottage
D:4:      layout_cave_pools, serial_park, serial_park_fountain,
          serial_park_square3 [serial_park_minivault_5x5_1],
          serial_park_avenue1, nicolae_letterblocks [nicolae_letter_subblock,
          nicolae_letter_subblock, nicolae_letter_subblock,
          nicolae_letter_subblock, nicolae_letter_subblock,
          nicolae_letter_subblock, nicolae_letter_subblock,
          nicolae_letter_subblock, nicolae_letter_subblock,
          nicolae_letter_subblock, nicolae_letter_subblock,
          nicolae_letter_subblock, nicolae_letter_subblock,
          nicolae_letter_subblock, nicolae_letter_subblock,
          nicolae_letter_subblock, nicolae_letter_subblock,
          nicolae_letter_subblock, nicolae_letter_subblock,
          nicolae_letter_subblock, nicolae_letter_subblock,
          nicolae_letter_subblock, nicolae_letter_subblock,
          nicolae_letter_subblock, nicolae_letter_subblock]
D:5:      layout_rooms
D:6:      layout_gridville, minmay_temple_entry_sparse_star, minivault_25,
          kennysheep_generic_room_7
Temple:   nicolae_temple_bog_church

Skill      XL: |  1  2  3  4  5  6  7  8 |
---------------+-------------------------+-----
Axes           | 2 3 4 5 6 7 |  7.0
Throwing       | 1 |  1.0
Fighting       | 4 5 |  5.3
Dodging        | 1 |  1.1
Shields        | 5 7 |  7.1
Armour         | 4 |  4.3

Action                     |  1- 3 |  4- 6 |  7- 9 || total
---------------------------+-------+-------+-------++-------
  Melee: War axe           |   112 |   136 |   171 ||   419
  Throw: Boomerang         |       |    20 |    35 ||    55
    Use: Scroll            |     3 |     4 |     9 ||    16
         Potion            |       |       |     2 ||     2
 Armour: Scale mail        |    36 |       |       ||    36
         Chain mail        |    24 |    93 |    39 ||   156
         Plate armour      |       |       |    73 ||    73
  Dodge: Dodged            |    34 |    42 |    54 ||   130
  Block: Buckler           |    21 |    31 |    12 ||    64
         Kite shield       |       |       |    35 ||    35

Table legend:
 A = Non-vault XP
 B = Vault XP
 C = Vault XP percentage of total XP
 D = Non-vault monster count
 E = Vault monster count
 F = Vault count percentage of total count
                 A         B        C        D         E       F
            +---------+---------+-------+---------+---------+-------
      Total |    1799 |     377 |  17.3 |     109 |       7 |   6.0
            +---------+---------+-------+---------+---------+-------
        D:1 |      44 |       5 |  10.2 |      27 |       3 |  10.0
        D:2 |      45 |       0 |   0.0 |      18 |       0 |   0.0
        D:3 |     174 |     249 |  58.9 |      22 |       2 |   8.3
        D:4 |     118 |      83 |  41.3 |       9 |       1 |  10.0
        D:5 |     258 |       0 |   0.0 |      14 |       0 |   0.0
        D:6 |    1160 |      40 |   3.3 |      19 |       1 |   5.0
            +---------+---------+-------+---------+---------+-------
